TOP OF THE 1ST |
Penquannock Overrated Jeter batting - Pitching for Buffalo LightSabres : RHP Howard Jewel
|
Pitching: RHP Howard Jewel
|
|
Batting: RHB Aaron Holt
|
0-0: Ball 1-0: Called Strike 1-1: Called Strike 1-2: Foul Ball, location: 2F 1-2: Foul Ball, location: 2F 1-2: Ground out 6-3 (Groundball, 6)
|
Batting: RHB Phil Wright
|
0-0: Ball 1-0: Foul Ball, location: 2F 1-1: Ball 2-1: Ground out 5-3 (Groundball, 56)
|
Batting: RHB Bernardo Enríquez
|
0-0: Ball 1-0: Ground out 4-3 (Groundball, 4)
|
Top of the 1st over - 0 run(s), 0 hit(s), 0 error(s), 0 left on base; Penquannock 0 - Buffalo 0 |
BOTTOM OF THE 1ST |
Buffalo LightSabres batting - Pitching for Penquannock Overrated Jeter : RHP Drake Williams
|
Pitching: RHP Drake Williams
|
|
Batting: LHB Matt Ruskin
|
0-0: Foul Ball, location: 2F 0-1: Ball 1-1: Called Strike 1-2: Foul Ball, location: 2F 1-2: Strikes out looking
|
Batting: RHB Gabriel Ángel
|
0-0: Called Strike 0-1: Ball 1-1: Called Strike 1-2: Foul Ball, location: 2F 1-2: Ground out 5-3 (Groundball, 56)
|
Batting: LHB Garrett King
|
0-0: Called Strike 0-1: SINGLE (Flyball, 7S)
|
Batting: LHB Zack Payton
|
0-0: Called Strike 0-1: Ball 1-1: Ball 2-1: SINGLE (Popup, 6MD) Garrett King to second
|
Batting: RHB John Warren
|
0-0: Called Strike 0-1: Called Strike 0-2: Fly out, F4 (Line Drive, 34)
|
Bottom of the 1st over - 0 run(s), 2 hit(s), 0 error(s), 2 left on base; Penquannock 0 - Buffalo 0 |
TOP OF THE 2ND |
Penquannock Overrated Jeter batting - Pitching for Buffalo LightSabres : RHP Howard Jewel
|
Batting: RHB José Velásquez
|
0-0: Swinging Strike 0-1: SINGLE (Line Drive, 34D)
|
Batting: RHB António Rodríguez
|
0-0: Called Strike José Velásquez steals 2nd base 0-1: SINGLE (Line Drive, 8LS) José Velásquez to third
|
Batting: LHB Tony Green
|
0-0: Called Strike 0-1: Ball 1-1: Foul Ball, location: 2F 1-2: Strikes out swinging
|
Batting: LHB Ron Robinson
|
0-0: Grounds into double play, 6-4-3 (Groundball, 6D)
|
Top of the 2nd over - 0 run(s), 2 hit(s), 0 error(s), 1 left on base; Penquannock 0 - Buffalo 0 |
BOTTOM OF THE 2ND |
Buffalo LightSabres batting - Pitching for Penquannock Overrated Jeter : RHP Drake Williams
|
Batting: LHB Craig Kenney
|
0-0: Called Strike 0-1: Fly out, F8 (Flyball, 8LD)
|
Batting: LHB Leslie Adams
|
0-0: Called Strike 0-1: Swinging Strike 0-2: Strikes out swinging
|
Batting: RHB Augusto Padilla
|
0-0: Ball 1-0: Ball 2-0: Swinging Strike 2-1: Foul Ball, location: 2F 2-2: Ball 3-2: Base on Balls
|
Batting: RHB Pedro Romero
|
0-0: Called Strike 0-1: Ball 1-1: Swinging Strike 1-2: Ball 2-2: Ball Augusto Padilla is caught stealing 2nd base
|
Bottom of the 2nd over - 0 run(s), 0 hit(s), 0 error(s), 0 left on base; Penquannock 0 - Buffalo 0 |
TOP OF THE 3RD |
Penquannock Overrated Jeter batting - Pitching for Buffalo LightSabres : RHP Howard Jewel
|
Batting: RHB Armando Pagán
|
0-0: Called Strike 0-1: Foul Ball, location: 2F 0-2: DOUBLE (Line Drive, 7LM)
|
Batting: LHB Matt Reese
|
0-0: Called Strike 0-1: Called Strike 0-2: Ground out 4-3 (Groundball, 4) Armando Pagán to third
|
Batting: RHB Aaron Holt
|
0-0: Ball 1-0: Ball 2-0: Fly out, F4 (Popup, 4D)
|
Batting: RHB Phil Wright
|
0-0: Foul Ball, location: 2F 0-1: Ball 1-1: Ball 2-1: Fly out, F7 (Flyball, 78M)
|
Top of the 3rd over - 0 run(s), 1 hit(s), 0 error(s), 1 left on base; Penquannock 0 - Buffalo 0 |
BOTTOM OF THE 3RD |
Buffalo LightSabres batting - Pitching for Penquannock Overrated Jeter : RHP Drake Williams
|
Batting: RHB Pedro Romero
|
0-0: Ball 1-0: Called Strike 1-1: Foul Ball, location: 2F 1-2: Strikes out swinging
|
Batting: LHB Matt Ruskin
|
0-0: Swinging Strike 0-1: Swinging Strike 0-2: Strikes out swinging
|
Batting: RHB Gabriel Ángel
|
0-0: Foul Ball, location: 2F 0-1: Ball 1-1: Called Strike 1-2: Ball 2-2: Foul Ball, location: 2F 2-2: Ground out 5-3 (Groundball, 56)
|
Bottom of the 3rd over - 0 run(s), 0 hit(s), 0 error(s), 0 left on base; Penquannock 0 - Buffalo 0 |
TOP OF THE 4TH |
Penquannock Overrated Jeter batting - Pitching for Buffalo LightSabres : RHP Howard Jewel
|
Batting: RHB Bernardo Enríquez
|
0-0: Called Strike 0-1: Fly out, F4 (Line Drive, 4)
|
Batting: RHB José Velásquez
|
0-0: Called Strike 0-1: Ball 1-1: Ground out 5-3 (Groundball, 56S)
|
Batting: RHB António Rodríguez
|
0-0: Foul Ball, location: 2F 0-1: Foul Ball, location: 2F 0-2: Ball 1-2: Strikes out swinging
|
Top of the 4th over - 0 run(s), 0 hit(s), 0 error(s), 0 left on base; Penquannock 0 - Buffalo 0 |
BOTTOM OF THE 4TH |
Buffalo LightSabres batting - Pitching for Penquannock Overrated Jeter : RHP Drake Williams
|
Batting: LHB Garrett King
|
0-0: Called Strike 0-1: Ball 1-1: Swinging Strike 1-2: Ball 2-2: Strikes out swinging
|
Batting: LHB Zack Payton
|
0-0: Fly out, F7 (Flyball, 7S)
|
Batting: RHB John Warren
|
0-0: Called Strike 0-1: Ball 1-1: Called Strike 1-2: Foul Ball, location: 2F 1-2: Strikes out swinging
|
Bottom of the 4th over - 0 run(s), 0 hit(s), 0 error(s), 0 left on base; Penquannock 0 - Buffalo 0 |
TOP OF THE 5TH |
Penquannock Overrated Jeter batting - Pitching for Buffalo LightSabres : RHP Howard Jewel
|
Batting: LHB Tony Green
|
0-0: Ball 1-0: Ball 2-0: Ball 3-0: Called Strike 3-1: Called Strike 3-2: Strikes out swinging
|
Batting: LHB Ron Robinson
|
0-0: Swinging Strike 0-1: Ball 1-1: Ball 2-1: Ball 3-1: SINGLE (Groundball, 56D)
|
Batting: RHB Armando Pagán
|
0-0: Ball 1-0: Called Strike 1-1: Ball 2-1: Fly out, F9 (Flyball, 9LS)
|
Batting: LHB Matt Reese
|
0-0: Swinging Strike 0-1: Foul Ball, location: 2F 0-2: Ball 1-2: Fly out, F7 (Flyball, 7S)
|
Top of the 5th over - 0 run(s), 1 hit(s), 0 error(s), 1 left on base; Penquannock 0 - Buffalo 0 |
BOTTOM OF THE 5TH |
Buffalo LightSabres batting - Pitching for Penquannock Overrated Jeter : RHP Drake Williams
|
Batting: LHB Craig Kenney
|
0-0: Ball 1-0: Called Strike 1-1: SINGLE (Line Drive, 78S)
|
Batting: LHB Leslie Adams
|
0-0: Ball 1-0: Ball 2-0: Fly out, F7 (Flyball, 78M)
|
Batting: RHB Augusto Padilla
|
0-0: Called Strike 0-1: Ball 1-1: Swinging Strike 1-2: Foul Ball, location: 2F 1-2: Ball 2-2: Foul Ball, location: 2F 2-2: Strikes out swinging
|
Batting: RHB Pedro Romero
|
0-0: Called Strike 0-1: Ball 1-1: Foul Ball, location: 2F 1-2: Ball Craig Kenney steals 2nd base 2-2: Foul Ball, location: 2F 2-2: Ball 3-2: Foul Ball, location: 2F 3-2: Foul Ball, location: 2F 3-2: Strikes out swinging, 2-3 out at first.
|
Bottom of the 5th over - 0 run(s), 1 hit(s), 0 error(s), 1 left on base; Penquannock 0 - Buffalo 0 |
TOP OF THE 6TH |
Penquannock Overrated Jeter batting - Pitching for Buffalo LightSabres : RHP Howard Jewel
|
Batting: RHB Aaron Holt
|
0-0: Swinging Strike 0-1: Ball 1-1: Ball 2-1: DOUBLE (Groundball, 5L)
|
Batting: RHB Phil Wright
|
0-0: Called Strike 0-1: Foul Ball, location: 2F 0-2: Fly out, F9 (Flyball, 9LS)
|
Batting: RHB Bernardo Enríquez
|
0-0: Ball 1-0: Ball 2-0: Called Strike 2-1: Ball 3-1: Fly out, F8 (Flyball, 8LM)
|
Batting: RHB José Velásquez
|
0-0: Ball 1-0: Called Strike 1-1: Ball 2-1: Foul Ball, location: 2F 2-2: Foul Ball, location: 2F 2-2: Foul Ball, location: 2F 2-2: Ball 3-2: Base on Balls
|
Batting: RHB António Rodríguez
|
0-0: Ball Passed Ball! Aaron Holt to third José Velásquez to second 1-0: Foul Ball, location: 2F 1-1: Ground out 4-3 (Groundball, 4M)
|
Top of the 6th over - 0 run(s), 1 hit(s), 0 error(s), 2 left on base; Penquannock 0 - Buffalo 0 |
BOTTOM OF THE 6TH |
Buffalo LightSabres batting - Pitching for Penquannock Overrated Jeter : RHP Drake Williams
|
Batting: LHB Matt Ruskin
|
0-0: Called Strike 0-1: Ball 1-1: Called Strike 1-2: Ball 2-2: Strikes out swinging
|
Pitching: RHP Hayden Collins
|
|
Batting: RHB Gabriel Ángel
|
0-0: Called Strike 0-1: Ball 1-1: Ball 2-1: Foul Ball, location: 2F 2-2: Ball 3-2: Base on Balls
|
Batting: LHB Garrett King
|
0-0: Called Strike 0-1: Fly out, F4 (Popup, 34D)
|
Batting: LHB Zack Payton
|
0-0: Called Strike 0-1: Ball 1-1: Foul Ball, location: 2F 1-2: Strikes out swinging
|
Bottom of the 6th over - 0 run(s), 0 hit(s), 0 error(s), 1 left on base; Penquannock 0 - Buffalo 0 |
TOP OF THE 7TH |
Penquannock Overrated Jeter batting - Pitching for Buffalo LightSabres : RHP Howard Jewel
|
Batting: LHB Tony Green
|
0-0: Ball 1-0: Swinging Strike 1-1: Fly out, F7 (Flyball, 7S)
|
Batting: LHB Ron Robinson
|
0-0: DOUBLE (Line Drive, 78M)
|
Pinch Hitting: RHB Barton Frazier
|
0-0: Called Strike 0-1: Ball 1-1: Called Strike 1-2: Ball 2-2: Ground out 5-3 (Groundball, 56)
|
Batting: LHB Matt Reese
|
0-0: Ball 1-0: Reached on error, E3 (Groundball, 34) Ron Robinson to third
|
Pitching: LHP Mike O'Brien
|
|
Pinch Hitting: RHB Manny Perea
|
0-0: Fly out, F8 (Line Drive, 8LXD)
|
Top of the 7th over - 0 run(s), 1 hit(s), 1 error(s), 2 left on base; Penquannock 0 - Buffalo 0 |
BOTTOM OF THE 7TH |
Buffalo LightSabres batting - Pitching for Penquannock Overrated Jeter : RHP Hayden Collins
|
Now at 1B: Barton Frazier
|
|
Now in RF: Manny Perea
|
|
Pinch Hitting: LHB Rob Davidson
|
0-0: Ground out 4-3 (Groundball, 4)
|
Batting: LHB Craig Kenney
|
0-0: Fly out, F7 (Flyball, 78D)
|
Batting: LHB Leslie Adams
|
0-0: Swinging Strike 0-1: Fly out, F7 (Flyball, 7LMF)
|
Bottom of the 7th over - 0 run(s), 0 hit(s), 0 error(s), 0 left on base; Penquannock 0 - Buffalo 0 |
TOP OF THE 8TH |
Penquannock Overrated Jeter batting - Pitching for Buffalo LightSabres : LHP Mike O'Brien
|
Now in LF: Donato Gozende
|
|
Batting: RHB Phil Wright
|
0-0: Ball 1-0: Ground out 3-1 (Groundball, 2R)
|
Batting: RHB Bernardo Enríquez
|
0-0: Called Strike 0-1: Foul Ball, location: 2F 0-2: Ball 1-2: Ball 2-2: Ball 3-2: DOUBLE (Line Drive, 78D)
|
Batting: RHB José Velásquez
|
0-0: Intentional Walk
|
Batting: RHB António Rodríguez
|
0-0: Swinging Strike 0-1: Foul Ball, location: 2F 0-2: Strikes out swinging
|
Pinch Hitting: RHB Yale Julien
|
0-0: Foul Ball, location: 2F 0-1: Ball 1-1: Ball 2-1: SINGLE (Groundball, 4MD) Bernardo Enríquez to third José Velásquez to second
|
Batting: LHB Ron Robinson
|
0-0: Ball 1-0: SINGLE (Line Drive, 56D) Bernardo Enríquez scores José Velásquez to third Yale Julien to second
|
Batting: RHB Barton Frazier
|
0-0: Ball 1-0: Ball 2-0: Called Strike 2-1: Foul Ball, location: 2F 2-2: Fly out, F6 (Popup, 6S)
|
Top of the 8th over - 1 run(s), 3 hit(s), 0 error(s), 3 left on base; Penquannock 1 - Buffalo 0 |
BOTTOM OF THE 8TH |
Buffalo LightSabres batting - Pitching for Penquannock Overrated Jeter : RHP Hayden Collins
|
Now at 3B: Alfonso Hernández
|
|
Batting: RHB Augusto Padilla
|
0-0: Ball 1-0: Ball 2-0: Ball 3-0: Called Strike 3-1: Base on Balls
|
Pinch Hitting: SHB Barrett Bowden
|
0-0: Ball 1-0: Ball 2-0: Ball 3-0: Called Strike 3-1: Bunt - Flyout! F1
|
Pitching: LHP Héctor Díaz
|
|
Pinch Hitting: RHB Mario Solís
|
0-0: Ball 1-0: Ball 2-0: Ball 3-0: Called Strike 3-1: SINGLE (Groundball, 56D) Augusto Padilla to second
|
Batting: RHB Gabriel Ángel
|
0-0: Called Strike 0-1: Foul Ball, location: 2F 0-2: Strikes out swinging
|
Batting: LHB Garrett King
|
0-0: Called Strike 0-1: Swinging Strike 0-2: Ball 1-2: Foul Ball, location: 2F 1-2: Foul Ball, location: 2F 1-2: Foul Ball, location: 2F 1-2: Foul Ball, location: 2F 1-2: Strikes out swinging
|
Bottom of the 8th over - 0 run(s), 1 hit(s), 0 error(s), 2 left on base; Penquannock 1 - Buffalo 0 |
TOP OF THE 9TH |
Penquannock Overrated Jeter batting - Pitching for Buffalo LightSabres : LHP Mike O'Brien
|
Pitching: RHP Domingo Rodríguez
|
|
Now at 2B: Barrett Bowden
|
|
Now at 3B: Abraham Hardy
|
|
Batting: LHB Matt Reese
|
0-0: Ball 1-0: Swinging Strike 1-1: Ball 2-1: Foul Ball, location: 2F 2-2: Ball 3-2: Base on Balls
|
Batting: RHB Manny Perea
|
0-0: Ball 1-0: Fly out, F7 (Line Drive, 7S)
|
Pinch Hitting: LHB Eric Powell
|
0-0: Ball 1-0: Ball 2-0: Foul Ball, location: 2F 2-1: Foul Ball, location: 2F 2-2: Foul Ball, location: 2F 2-2: Ball 3-2: Foul Ball, location: 2F 3-2: Foul Ball, location: 2F 3-2: Fly out, F9 (Flyball, 9S)
|
Batting: RHB Bernardo Enríquez
|
0-0: Called Strike 0-1: Foul Ball, location: 2F 0-2: Strikes out swinging
|
Top of the 9th over - 0 run(s), 0 hit(s), 0 error(s), 1 left on base; Penquannock 1 - Buffalo 0 |
BOTTOM OF THE 9TH |
Buffalo LightSabres batting - Pitching for Penquannock Overrated Jeter : LHP Héctor Díaz
|
Pitching: RHP Dave Funk
|
|
Now at SS: Fernando Díaz
|
|
Batting: LHB Zack Payton
|
0-0: Called Strike 0-1: SOLO HOME RUN (Flyball, 89XD), Distance : 446 ft
|
Batting: RHB Donato Gozende
|
0-0: Ball 1-0: Called Strike 1-1: Called Strike 1-2: Ground out 5-3 (Groundball, 5)
|
Batting: LHB Craig Kenney
|
0-0: Called Strike 0-1: Ball 1-1: Ball 2-1: Ball 3-1: Foul Ball, location: 2F 3-2: Base on Balls
|
Batting: LHB Leslie Adams
|
0-0: Ball 1-0: Fielders Choice at 2nd, 4-6 (Groundball, 34)
|
Pinch Hitting: SHB Jason Mason
|
0-0: Ball 1-0: Ball 2-0: Ball 3-0: Called Strike 3-1: Base on Balls Leslie Adams to second
|
Batting: SHB Barrett Bowden
|
0-0: Foul Ball, location: 2F 0-1: 3-RUN HOME RUN (Flyball, 89D), Distance : 394 ft
|
Tuesday, August 8th, 2017 - OOTP Baseball 17.12 Build 75
|
|